 Dungeon Crawl Stone Soup version 0.31-a0-700-gf13585253f (webtiles) character file.

Game seed: 11220117080030720473

2179 lunkers the Grappler (level 9, -3/64 HPs)
             Began as a Meteoran Shapeshifter on Sept 7, 2023.
             Was an Initiate of Ru.
             Slain by a killer bee (5 damage)
             ... on level 7 of the Dungeon.
             The game lasted 00:07:21 (2868 turns).

lunkers the Grappler (Meteoran Shapeshifter)        Turns: 2868, Time: 00:07:22

Health: -3/64      AC:  5    Str: 18    XL:     9   Next: 89%
Magic:  10/10      EV: 11    Int: 11    God:    Ru [......]
Gold:   237        SH:  0    Dex: 17    Spells: 8/8 levels left

rFire   + +          .
                       - Unarmed
rCold   . . .        (no shield)
rNeg    . . .        n - +0 ring mail
rPois   .            (helmet currently unavailable)
rElec   .            (cloak currently unavailable)
rCorr   .            (gloves currently unavailable)
SInv    .            (boots currently unavailable)
Will    +....        (no amulet)
Stlth   +            j - ring of protection from fire
HPRegen 0.30/turn    e - ring of protection from fire
MPRegen 0.12/turn

%: no passive effects
@: lethally poisoned (-3 -> -28), beast-form, glowing
A: beast (slay +4), sense surroundings 2, otherworldly, glowing, explore regen
a: Begin Untransformation, Renounce Religion


You were on level 7 of the Dungeon.
You worshipped Ru.
Ru was noncommittal.
You were a hulking beast.
You visited 1 branch of the dungeon, and saw 8 of its levels.

You collected 237 gold pieces.

Inventory:

Armour
 a - a +0 animal skin
 l - an orb of mayhem
 n - a +0 ring mail (worn)
 q - a +0 pair of boots
Jewellery
 e - a ring of protection from fire (right hand)
 j - a ring of protection from fire (left hand)
Talismans
 c - a beast talisman (active)
 d - a flux talisman
Wands
 i - a wand of iceblast (33)
 o - a wand of paralysis (16)
 p - a wand of flame (21)
 u - a wand of polymorph (10)
Scrolls
 k - a scroll of blinking
 m - a scroll of revelation
 x - a scroll of identify
Potions
 b - 2 potions of lignification
 f - a potion of ambrosia {unknown}
 g - a potion of magic
 h - a potion of curing
 r - 3 potions of heal wounds {unknown}
 s - a potion of attraction {unknown}
 t - 2 potions of brilliance {unknown}
 v - a potion of enlightenment {unknown}
 w - a potion of might {unknown}


   Skills:
 - Level 1.1 Fighting
 - Level 2.1 Dodging
 * Level 12.2 Unarmed Combat
 + Level 8.5 Shapeshifting


You had 8 spell levels left.
You didn't know any spells.
Your spell library contained the following spells:

 Spells                   Type           Power      Damage    Failure   Level
 Freeze                   Ice            0%         1d3       54%         1
 Kiss of Death            Conj/Necr      0%         2d5       54%         1
 Slow                     Hex            0%         N/A       54%         1
 Summon Small Mammal      Summ           0%         N/A       54%         1
 Call Canine Familiar     Summ           0%         N/A       88%         3
 Confusing Touch          Hex            0%         N/A       88%         3
 Frozen Ramparts          Ice            0%         1d1       88%         3
 Hailstorm                Conj/Ice       0%         3d3       88%         3
 Sigil of Binding         Hex            0%         N/A       88%         3
 Summon Guardian Golem    Hex/Summ       0%         N/A       88%         3
 Vampiric Draining        Necr           0%         2d6       88%         3
 Volatile Blastmotes      Fire/Tloc      0%         2d10      88%         3
 Dispel Undead            Necr           0%         3d6       99%         4
 Fulminant Prism          Conj/Hex       0%         3d5       99%         4
 Iskenderun's Mystic Bla  Conj/Tloc      0%         2d3       99%         4


Dungeon Overview and Level Annotations

Branches:
Dungeon (8/15) Zot: 1980   Temple (0/1) D:5
   Lair: D:8-11

Altars:
Fedhas
Hepliaklqana
Kikubaaqudgha
Okawaru
Qazlal
Ru
Sif Muna
Vehumet
Xom

Shops:
D:4 (


Innate Abilities, Weirdness & Mutations

You are a hulking beast.
Your limbs bulge with bestial killing power. (Slay +4)
You passively map the area around you.
You are easily found by Zot.
You glow in the dark.
You regain HP and MP as you explore.


Message History

The killer bee stings you. The killer bee barely misses you.
The killer bee closely misses you. The killer bee stings you.
You are poisoned.
The killer bee poisons you!
The killer bee stings you but does no damage.
There is a stone staircase leading up, spattered with blood here.
You feel sick. The killer bee stings you!
* * * LOW HITPOINT WARNING * * *
The killer bee stings you but does no damage.
The killer bee closely misses you. x2; The killer bee stings you.
* * * LOW HITPOINT WARNING * * *
The killer bee closely misses you.
You climb upwards.
You feel sick.
There is a stone staircase leading down here.
Unknown command.
Unknown command.
Unknown command.
You punch the killer bee!
The killer bee is almost dead.
You feel sick. The killer bee barely misses you. The killer bee stings you.
* * * LOW HITPOINT WARNING * * *
You are more poisoned.
The killer bee poisons you! The killer bee stings you.
* * * LOW HITPOINT WARNING * * *
You are lethally poisoned!
The killer bee poisons you!
You closely miss the killer bee.
The killer bee is almost dead.
* * * LOW HITPOINT WARNING * * *
You feel very sick. The killer bee closely misses you.
The killer bee stings you.
* * * LOW HITPOINT WARNING * * *
The killer bee stings you.
* * * LOW HITPOINT WARNING * * *
You are more poisoned.
The killer bee poisons you! The killer bee barely misses you.
The killer bee stings you.
* * * LOW HITPOINT WARNING * * *
The killer bee stings you.
You die...

#.....# *,.........
#.....## *,........(
###....####..........
####................
#.......####........
#.....##############
#........... ,
#.y...#...#. *
#..h........
#..yy.#...#. *, ,
######...... ,
######* * *


You could see 3 killer bees.

Vanquished Creatures
  Pikel (D:5)
  A black bear (D:6)
  A sky beast (D:7)
  An ogre (D:7)
  A centaur (D:5)
  A phantom (D:6)
  2 bullfrogs
  A scorpion (D:6)
  8 wights
  2 killer bees (D:7)
  2 howler monkeys (D:7)
  5 hounds
  An orc priest (D:6)
  An iguana (D:4)
  Jessica (D:3)
  3 orc wizards (D:6)
  4 gnolls (D:5)
  10 adders
  2 white imps
  3 ufetubi (D:4)
  2 worms
  4 dart slugs
  9 orcs
  2 ball pythons
  4 bats
  11 endoplasms
  A giant cockroach (D:4)
  6 goblins
  6 hobgoblins
  8 kobolds
  6 quokkas
  2 frilled lizards
  4 rats
116 creatures vanquished.

Notes
Turn   | Place    | Note
-------+----------+-------------------------------------------
     0 | D:1      | lunkers the Meteoran Shapeshifter began the quest for the
                  | Orb.
     0 | D:1      | Reached XP level 1. HP: 16/16 MP: 2/2
    70 | D:1      | Reached XP level 2. HP: 23/23 MP: 3/3
    71 | D:1      | Reached skill level 4 in Unarmed Combat
   202 | D:1      | Reached XP level 3. HP: 28/28 MP: 4/4
   914 | D:3      | Found a shimmering altar of Xom.
   935 | D:3      | Reached XP level 4. HP: 29/35 MP: 5/5
   940 | D:3      | Reached skill level 5 in Unarmed Combat
  1047 | D:3      | Reached XP level 5. HP: 40/40 MP: 6/6
  1085 | D:3      | Found a sacrificial altar of Ru.
  1097 | D:3      | Became a worshipper of Ru the Awakened
  1178 | D:3      | Found a shimmering blue altar of Sif Muna.
  1341 | D:3      | Noticed Jessica
  1349 | D:3      | Killed Jessica
  1396 | D:4      | Reached skill level 6 in Unarmed Combat
  1396 | D:4      | Reached XP level 6. HP: 40/47 MP: 7/7
  1416 | D:4      | Found Geoc's Antique Weapon Emporium.
  1430 | D:4      | Reached skill level 5 in Shapeshifting
  1647 | D:5      | Entered Level 5 of the Dungeon
  1647 | D:5      | Noticed a centaur
  1653 | D:5      | Killed a centaur
  1654 | D:5      | Reached skill level 7 in Unarmed Combat
  1654 | D:5      | Reached XP level 7. HP: 36/52 MP: 8/8
  1688 | D:5      | Noticed a water elemental
  1692 | D:5      | Found a stormy altar of Qazlal.
  1694 | D:5      | Noticed an air elemental
  1694 | D:5      | Noticed a fire elemental
  1824 | D:5      | Found a staircase to the Ecumenical Temple.
  1824 | D:5      | Noticed Pikel
  1842 | D:5      | Killed Pikel
  1843 | D:5      | Reached skill level 9 in Unarmed Combat
  1843 | D:5      | Reached XP level 8. HP: 46/59 MP: 9/9
  1939 | D:5      | Identified the +6 quarterstaff "Wingerph" {freeze, Fly
                  | rPois rF- Str-2}
  2011 | D:6      | Found a radiant altar of Vehumet.
  2143 | D:6      | Reached skill level 10 in Unarmed Combat
  2260 | D:6      | Gained mutation: You passively map the area around you.
                  | [Meteoran growth]
  2260 | D:6      | Reached XP level 9. HP: 64/64 MP: 10/10
  2331 | D:6      | Found an iron altar of Okawaru.
  2397 | D:6      | Found a hazy altar of Hepliaklqana.
  2457 | D:6      | Found a blossoming altar of Fedhas.
  2469 | D:6      | Reached skill level 11 in Unarmed Combat
  2727 | D:7      | Reached skill level 12 in Unarmed Combat
  2763 | D:7      | Found an ancient bone altar of Kikubaaqudgha.
  2868 | D:7      | HP: 2/64 [killer bee (6)]
  2868 | D:7      | Slain by a killer bee

Illustrated notes

Levels and vault maps discovered:
D:1:      evilmike_arrival_crescent, layout_loops_ring, minmay_pentomino_r4
D:2:      layout_basic, shapermc_ecumenical_altar_notcrosses
D:3:      layout_loops_ring, mainiacjoe_overflow_alcove_4,
          pdpol_wu_jian_five_deadly_venoms, mainiacjoe_overflow_catch_the_wave,
          hangedman_decor_clover_reticule, uniq_jessica
D:4:      layout_rooms, serial_shops, shop, serial_demonic, serial_demonic_g,
          serial_demonic_e, serial_demonic_f, serial_demonic_c
D:5:      layout_rooms, nicolae_qazlal_style_of_elements,
          minmay_temple_entry_slanted, uniq_pikel
D:6:      layout_layer_cave, kennysheep_mini_moat, okawaru_ov_weapons_minmay,
          nicolae_vehumet_altar_sigil, mainiacjoe_overflow_surrounded_room,
          kennysheep_generic_room_9, uniq_grinder
D:7:      layout_rooms, general_overflow_altar, lemuel_coloured_pillars_altar,
          chequers_mini_garden
D:8:      layout_gridville, elyvilon_altar_5

Skill      XL: |  1  2  3  4  5  6  7  8  9 |
---------------+----------------------------+-----
Unarmed Combat | 4 5 6 7 9 10 12 | 12.2
Shapeshifting  | 4 5 6 7 8 |  8.5
Fighting       | |  1.1
Dodging        | |  2.1

Action                     |  1- 3 |  4- 6 |  7- 9 || total
---------------------------+-------+-------+-------++-------
  Melee: Unarmed           |    70 |   120 |   166 ||   356
         Punch             |     2 |     4 |     7 ||    13
 Invoke: Reject Sacrifices |       |       |     1 ||     1
  Evoke: Wand              |       |       |     4 ||     4
    Use: Scroll            |       |     8 |     4 ||    12
         Potion            |       |       |     1 ||     1
 Armour: Animal skin       |    29 |       |       ||    29
         Ring mail         |       |    66 |   105 ||   171
         Skin              |       |       |    30 ||    30
  Dodge: Dodged            |    38 |    64 |    68 ||   170

Table legend: (Time is in decaauts)
 A = Elapsed time spent in this place.
 B = Non-inter-level travel time spent in this place.
 C = Inter-level travel time spent in this place.
 D = Time resting spent in this place.
 E = Time spent auto-exploring this place.
 F = Levels seen in this place.
 G = Mean time per level.
                   A        B        C        D        E       F      G
               +--------+--------+--------+--------+--------+-----+--------+
         Total |   2818 |   2744 |     74 |     15 |   1873 |   8 |  352.2 |
       Dungeon |   2818 |   2744 |     74 |     15 |   1873 |   8 |  352.2 |
               +--------+--------+--------+--------+--------+-----+--------+

Top non-repeatable levels by time:
     D:6: 534 daAuts
     D:3: 483 daAuts
     D:1: 450 daAuts
     D:2: 421 daAuts
     D:7: 322 daAuts
     D:5: 314 daAuts
     D:4: 285 daAuts
     D:8: 6 daAuts
